 Seeded DCSS version 0.28.0-49-g6dfe1f597d (webtiles) character file.

Game seed: 10909070611058718959 (custom seed)

13115 Zeld the Thaumaturge (level 11, -9/97 HPs)
             Began as a Purple Draconian Conjurer on May 14, 2022.
             Was a Follower of Vehumet.
             Mangled by a cane toad (11 damage)
             ... while petrified by a basilisk
             ... on level 1 of the Lair of Beasts.
             The game lasted 00:23:48 (24215 turns).

Zeld the Thaumaturge (Purple Draconian Conjurer)   Turns: 24215, Time: 00:23:49

Health: -9/97      AC:  7    Str: 10    XL:     11   Next: 71%
Magic:  24/33      EV:  2    Int: 22    God:    Vehumet [*.....]
Gold:   601        SH:  0    Dex: 10    Spells: 7/29 levels left

rFire   . . .      SeeInvis .   h - +6 mace (freeze)
rCold   + . .      Faith    .   (no shield)
rNeg    + + +      Spirit   .   (armour unavailable)
rPois   ∞          Reflect  .   (helmet restricted)
rElec   .          Harm     .   a - scarf {repulsion}
rCorr   .          Rampage  .   (no gloves)
Will    +....                   (no boots)
Stlth   +++.......              (no amulet)
HPRegen 0.26/turn               q - ring of protection from cold
MPRegen 0.23/turn               n - ring of magical power

@: petrified, repel missiles
A: breathe power, AC +7, unfitting armour, cold-blooded
a: Breathe Dispelling Energy, Renounce Religion


You were on level 1 of the Lair of Beasts.
You worshipped Vehumet.
Vehumet was aware of your devotion.
You visited 3 branches of the dungeon, and saw 12 of its levels.

You collected 601 gold pieces.

Inventory:

Hand Weapons
 h - a +6 mace of freezing (weapon)
Missiles
 C - 32 poisoned darts (quivered)
Armour
 a - a scarf of repulsion (worn)
Jewellery
 n - a ring of magical power (right hand)
 q - a ring of protection from cold (left hand)
 u - a ring of willpower
 w - a ring of protection from fire
Wands
 s - a wand of iceblast (22)
 t - a wand of paralysis (4)
 v - a wand of digging (4)
 F - a wand of mindburst (12)
 G - a wand of flame (24)
Scrolls
 c - a scroll of amnesia {unknown}
 i - 4 scrolls of teleportation
 o - 2 scrolls of blinking {unknown}
 x - 2 scrolls of magic mapping {unknown}
 y - 2 scrolls of noise {unknown}
 E - 2 scrolls of enchant armour
 H - a scroll of fog {unknown}
 I - a scroll of acquirement {unknown}
Potions
 b - 2 potions of might {unknown}
 e - 2 potions of berserk rage {unknown}
 f - 2 potions of cancellation {unknown}
 g - 4 potions of heal wounds {unknown}
 j - 3 potions of brilliance {unknown}
 k - a potion of flight {unknown}
 l - 4 potions of lignification {unknown}
 m - 3 potions of attraction {unknown}
 p - 2 potions of ambrosia {unknown}
 r - a potion of invisibility {unknown}
 z - a potion of mutation {unknown}
 A - 2 potions of curing
 B - a potion of degeneration {unknown}
 D - a potion of magic {unknown}
Miscellaneous
 d - a piece from Xom's chessboard (15/15)


   Skills:
 * Level 9.2 Fighting
 + Level 5.8 Dodging
 + Level 6.3 Stealth
 * Level 9.9 Spellcasting
 * Level 9.5 Conjurations
 - Level 2.0 Hexes
 - Level 2.0 Translocations
 * Level 5.3 Fire Magic
 * Level 5.8 Evocations


You had 7 spell levels left.
You knew the following spells:

 Your Spells              Type           Power      Damage    Failure   Level
a - Magic Dart            Conj           100%       1d8       1%          1
b - Searing Ray           Conj           100%       2d8       1%          2
c - Fulminant Prism       Conj/Hex       18%        3d11      6%          4
d - Iskenderun's Mystic   Conj/Tloc      36%        2d9       6%          4
e - Fireball              Conj/Fire      21%        3d10      9%          5
f - Starburst             Conj/Fire      21%        6d7       41%         6

Your spell library contained the following spells:

 Spells                   Type           Power      Damage    Failure   Level
 Poisonous Vapours        Pois/Air       20%        N/A       10%         2
 Dazzling Flash           Conj/Hex       72%        N/A       1%          3
 Ignition                 Fire           17%        3d7       100%        8


Dungeon Overview and Level Annotations

Branches:
Dungeon (10/15)            Temple (1/1) D:6            Lair (1/6) D:10
    Orc: D:9-12

Altars:
Ashenzari
Cheibriados
Dithmenos
Elyvilon
Fedhas
Gozag
Hepliaklqana
Kikubaaqudgha
Makhleb
Nemelex Xobeh
Okawaru
Qazlal
Ru
Sif Muna
Trog
Uskayaw
Vehumet
Wu Jian
Xom
Yredelemnul
Zin
The Shining One

Annotations:
D:8 Gastronok


Innate Abilities, Weirdness & Mutations

You can breathe bolts of dispelling energy.
Your rich purple scales are hard. (AC +7)
You cannot fit into any form of body armour.
You are cold-blooded and may be slowed by cold attacks.


Message History

The cane toad is heavily wounded.
You hear an angry hiss.
The cane toad barely misses you. The cane toad stings you!
You have turned to stone.
A water moccasin comes into view.
The cane toad stings you.
The black mamba bites you but does no damage.
The water moccasin moves out of view.
The black mamba bites you! The basilisk bites you! The cane toad stings you!
The black mamba bites you!
The black mamba bites you but does no damage.
The basilisk bites you! The cane toad stings you. The black mamba bites you.
The cane toad stings you!
* * * LOW HITPOINT WARNING * * *
The basilisk bites you.
* * * LOW HITPOINT WARNING * * *
The black mamba bites you but does no damage.
The basilisk bites you.
* * * LOW HITPOINT WARNING * * *
The cane toad stings you!
* * * LOW HITPOINT WARNING * * *
The black mamba bites you!
* * * LOW HITPOINT WARNING * * *
The basilisk gazes at you. You resist with almost no effort.
The black mamba bites you!
* * * LOW HITPOINT WARNING * * *
The cane toad stings you. The basilisk bites you. The black mamba bites you.
* * * LOW HITPOINT WARNING * * *
The basilisk bites you.
* * * LOW HITPOINT WARNING * * *
The cane toad stings you!
* * * LOW HITPOINT WARNING * * *
The black mamba completely misses you.
The basilisk bites you but does no damage.
The water moccasin bites you.
The black mamba bites you but does no damage.
The basilisk gazes at you. You resist with almost no effort.
The cane toad stings you!!
You die...

..(.+.....## .
...#...... .. ..
........##.. ...
.#.....#..
##..##.......##.
......!.........
.......SSl......
.......l@F......
................
.#.####.÷...####
#.....# #.....#
#.....# ......#
#.....# .......


You could see a black mamba, a cane toad, 2 basilisks and a water moccasin.

Vanquished Creatures
  4 two-headed ogres
  A cane toad (Lair:1)
  A gargoyle (D:9)
  4 komodo dragons
  A hornet (D:8)
  The ghost of styxcanada the Sneak, an amateur SpBr (D:4)
  A vampire (D:8)
  2 wyverns
  A basilisk (D:10)
  5 yaks (D:9)
  3 steam dragons
  2 wargs (D:6)
  2 water moccasins (D:5)
  A swamp drake (D:10)
  5 orc warriors
  A black bear (D:6)
  2 sky beasts (D:7)
  2 hornet zombies
  10 ogres
  A necrophage (D:5)
  5 centaurs
  2 phantoms
  4 kobold brigands
  A bullfrog (D:9)
  A scorpion (D:5)
  2 gnoll sergeants
  A water moccasin zombie (D:6)
  A wyvern skeleton (D:7)
  3 water moccasin skeletons
  6 killer bees
  16 wights
  12 howler monkeys
  A crimson imp (D:5)
  5 centaur zombies
  A jelly (D:8)
  9 gnoll shamans
  A bullfrog zombie (D:6)
  5 hounds
  9 orc priests
  A bullfrog skeleton (D:4)
  4 centaur skeletons (D:7)
  Ijyb (D:3)
  Terence (D:2)
  An iguana (D:6)
  7 orc wizards
  2 killer bee zombies
  2 hound zombies (D:5)
  A howler monkey zombie (D:5)
  20 gnolls
  6 adders
  3 shadow imps (D:6)
  2 white imps (D:7)
  2 ufetubi
  An adder skeleton (D:5)
  A worm (D:2)
  2 dart slugs
  24 orcs
  6 endoplasms
  2 giant cockroaches
  13 hobgoblins
  2 jackals (D:3)
  17 kobolds
  3 quokkas
  6 ball pythons
  4 bats
  7 goblins
  2 rats
278 creatures vanquished.

Vanquished Creatures (others)
  2 gnolls (D:7)
  2 plants (D:6)
4 creatures vanquished.

Grand Total: 282 creatures vanquished

Notes
Turn   | Place    | Note
-------+----------+-------------------------------------------
     0 | D:1      | Zeld the Draconian Conjurer began the quest for the Orb.
     0 | D:1      | Reached XP level 1. HP: 14/14 MP: 3/3
   464 | D:1      | Reached XP level 2. HP: 22/22 MP: 0/5
   544 | D:1      | Learned a level 2 spell: Searing Ray
   615 | D:1      | Reached skill level 1 in Fighting
  1431 | D:2      | Noticed Terence
  1437 | D:2      | Killed Terence
  1438 | D:2      | Reached XP level 3. HP: 28/28 MP: 0/6
  1630 | D:2      | Reached XP level 4. HP: 34/36 MP: 1/7
  1694 | D:2      | Learned a level 4 spell: Fulminant Prism
  1859 | D:2      | Identified the +3 dagger of Experimentation {drain, Int+2}
  2031 | D:2      | Found a faded altar of an unknown god.
  2250 | D:3      | Noticed Ijyb
  2277 | D:3      | Found a broken altar of Ashenzari.
  2303 | D:3      | Found a hide-covered altar of Uskayaw.
  2837 | D:4      | Noticed a phantom
  3466 | D:4      | Reached XP level 5. HP: 36/42 MP: 2/9
  3864 | D:4      | Found a runed translucent gate.
  3865 | D:4      | Found a runed translucent gate.
  3866 | D:4      | Found a runed translucent gate.
  3871 | D:4      | Noticed styxcanada's ghost (amateur SpBr)
  3872 | D:4      | Noticed a wyvern
  4215 | D:4      | Reached skill level 1 in Hexes
  4345 | D:4      | Reached XP level 6. HP: 50/50 MP: 10/10
  4350 | D:4      | Learned a level 4 spell: Iskenderun's Mystic Blast
  4461 | D:5      | Entered Level 5 of the Dungeon
  4465 | D:5      | Noticed a water moccasin
  4477 | D:5      | Reached skill level 5 in Conjurations
  4480 | D:5      | Killed a water moccasin
  4570 | D:5      | Noticed a two-headed ogre
  5046 | D:5      | Found a shadowy altar of Dithmenos.
  5057 | D:5      | Reached skill level 1 in Translocations
  5057 | D:5      | Your scales start taking on a rich purple colour.
  5057 | D:5      | Reached XP level 7. HP: 55/57 MP: 13/13
  5515 | D:5      | Reached skill level 5 in Spellcasting
  5880 | D:5      | Killed a two-headed ogre
  5881 | D:5      | Reached skill level 5 in Fighting
  5881 | D:5      | Reached XP level 8. HP: 26/68 MP: 4/17
  6323 | D:5      | Found a burning altar of Makhleb.
  6438 | D:5      | Found a sacrificial altar of Ru.
  7117 | D:5      | Reached XP level 9. HP: 16/75 MP: 0/19
  9144 | D:6      | Learned a level 5 spell: Fireball
  9151 | D:6      | Learned a level 6 spell: Starburst
  9387 | D:6      | Found an ancient bone altar of Kikubaaqudgha.
  9571 | D:6      | Reached skill level 1 in Evocations
  9591 | D:6      | Reached skill level 1 in Fire Magic
  9595 | D:6      | Reached skill level 5 in Stealth
  9907 | D:6      | Noticed a two-headed ogre
 10177 | D:6      | Reached XP level 10. HP: 62/86 MP: 5/22
 10869 | D:5      | Killed a two-headed ogre
 11208 | D:6      | Found a staircase to the Ecumenical Temple.
 11465 | Temple   | Entered the Ecumenical Temple
 11503 | Temple   | Became a worshipper of Vehumet
 12573 | D:7      | Reached skill level 5 in Dodging
 14517 | D:8      | Noticed Gastronok
 17026 | D:9      | Found a shimmering blue altar of Sif Muna.
 17047 | D:9      | Noticed a two-headed ogre
 17054 | D:9      | Killed a two-headed ogre
 17055 | D:9      | Reached XP level 11. HP: 92/95 MP: 13/24
 17284 | D:9      | Reached * piety under Vehumet
 17284 | D:9      | Offered knowledge of Freeze by Vehumet.
 17527 | D:9      | Found a stormy altar of Qazlal.
 17965 | D:9      | Noticed a two-headed ogre
 17970 | D:9      | Killed a two-headed ogre
 18116 | D:9      | Identified the +4 helmet of the Defenders {Harm +Inv}
 18558 | D:3      | Found a broken altar of Ashenzari.
 18572 | D:3      | Found a hide-covered altar of Uskayaw.
 18596 | D:3      | Killed Ijyb
 19244 | D:4      | Reached skill level 5 in Evocations
 19253 | D:4      | Killed styxcanada's ghost
 19974 | D:10     | Entered Level 10 of the Dungeon
 20939 | D:10     | Reached skill level 5 in Fire Magic
 20943 | D:10     | Offered knowledge of Poisonous Vapours by Vehumet.
 21775 | D:10     | Found a staircase to the Lair.
 23968 | Lair:1   | Entered Level 1 of the Lair of Beasts
 24214 | Lair:1   | HP: 2/97 [cane toad (3)]
 24215 | Lair:1   | Mangled by a cane toad

Illustrated notes

Levels and vault maps discovered:
D:1:      dpeg_arrival_three_same_balls, layout_basic, minmay_split_cup_small
D:2:      layout_rooms, shapermc_ecumenical_altar_petra, uniq_terence
D:3:      layout_basic, mainiacjoe_overflow_large_starburst, uniq_ijyb
D:4:      layout_loops_corners, gammafunk_ghost_split
D:5:      layout_basic, grunt_dithmenos_smoke_and_mirrors,
          mainiacjoe_overflow_cross_hatched, makhleb_grotto_becter
D:6:      lemuel_castle_with_subvaults [lemuel_castle_interior_carwin_3],
          layout_loops_ring, kiku_gazebo_pond_becter, temple_hall,
          chequers_hall_statues_y, minmay_circle_x
D:7:      minmay_recursive_quarters, layout_cave_pods, serial_column_ruins,
          column_ruins_open_small, column_ruins_columns_corner,
          column_ruins_corridor_T, column_ruins_open_small,
          column_ruins_open_medium
D:8:      layout_loops_ring, uniq_gastronok
D:9:      layout_irregular_city, nicolae_sif_muna_condensation,
          mainiacjoe_overflow_boulevard
D:10:     layout_cave_pools, erik_lair_dragon
Temple:   nicolae_temple_great_sept
Lair:1:   layout_regular_city, serial_bayou_shore_b, uniq_urug

Skill      XL: |  1  2  3  4  5  6  7  8  9 10 11 |
---------------+----------------------------------+-----
Fighting       | 1 2 3 5 7 8 9 |  9.2
Dodging        | 2 3 4 5 |  5.8
Stealth        | 2 3 4 5 6 |  6.3
Spellcasting   | 3 4 6 8 9 |  9.9
Hexes          | 1 2 |  2.0
Conjurations   | 5 6 8 9 |  9.5
Translocations | 1 2 |  2.0
Evocations     | 1 4 5 |  5.8
Fire Magic     | 1 4 5 |  5.3

Action                   |  1- 3 |  4- 6 |  7- 9 | 10-12 || total
-------------------------+-------+-------+-------+-------++-------
Melee: Unarmed           |    21 |       |       |       ||    21
       Tailslap          |     3 |     6 |    18 |    35 ||    62
       Dagger            |     8 |    79 |   146 |    51 ||   284
       Punch             |       |       |     2 |     3 ||     5
       Mace              |       |       |       |   127 ||   127
 Cast: Magic Dart        |    46 |     9 |     2 |     1 ||    58
       Searing Ray       |     2 |    18 |    46 |    23 ||    89
       Iskenderun's Myst |       |       |    58 |   152 ||   210
       Fireball          |       |       |       |    31 ||    31
 Abil: Breathe Dispellin |       |       |     1 |     6 ||     7
Evoke: Wand              |       |       |     6 |    10 ||    16
  Use: Potion            |       |       |     4 |       ||     4
       Scroll            |       |       |       |     8 ||     8
 Stab: Sleeping          |       |     1 |       |     7 ||     8
Armor: Skin              |    11 |    19 |    55 |   116 ||   201
Dodge: Dodged            |    27 |    90 |   139 |   216 ||   472
       Repelled          |       |       |       |     4 ||     4
